 Dungeon Crawl Stone Soup version 0.21.1-1-g345015fe64 (webtiles) character file.

65 Mrkan the Ruffian (level 3, -4/28 HPs)
             Began as a Draconian Transmuter on May 4, 2018.
             Slain by Kejsarherre's ghost (8 damage)
             ... on level 3 of the Dungeon.
             The game lasted 00:09:29 (2558 turns).

Mrkan the Ruffian (Draconian Transmuter)            Turns: 2558, Time: 00:09:29

Health: -4/28      AC:  7    Str: 12    XL:     3   Next: 92%
Magic:  5/6        EV: 12    Int: 14    God:
Gold:   64         SH:  0    Dex: 11    Spells: 0/6 levels left

rFire    + . .     SeeInvis .     - Unarmed
rCold    + . .     Gourm    .   (no shield)
rNeg     . . .     Faith    .   (armour unavailable)
rPois    +         Spirit   .   (helmet restricted)
rElec    +         Reflect  .   i - +1 cloak
rCorr    +         Harm     .   (no gloves)
MR       .....                  (no boots)
Stlth    +.........             (no amulet)
HPRegen  0.09/turn              (no ring)
MPRegen  0.10/turn              (no ring)

@: lethally poisoned (-4 -> -8), appendage, resistant, flying
A: unfitting armour, horns 2, cold-blooded, AC +5
a: End Transformation


You were on level 3 of the Dungeon.
You were very hungry.
You had grown temporary horns.
You visited 1 branch of the dungeon, and saw 3 of its levels.

You collected 64 gold pieces.

Inventory:

Missiles
 a - 11 arrows
 l - 15 bolts
Armour
 i - a +1 cloak (worn)
Scrolls
 e - 2 scrolls of remove curse {unknown}
 f - a scroll of amnesia {unknown}
 g - a scroll of noise {unknown}
 h - a scroll of teleportation {unknown}
 k - 2 scrolls of fear {unknown}
 n - a scroll of immolation {unknown}
 o - a scroll of identify {unknown}
 p - a scroll of magic mapping {unknown}
Potions
 d - 4 potions of curing {unknown}
Books
 b - a book of Changes

   Spells                             Type                      Level
   a - Beastly Appendage              Transmutation                1
   b - Sticks to Snakes               Transmutation                2
   c - Spider Form                    Transmutation/Poison         3
   d - Ice Form                       Ice/Transmutation            4
   e - Blade Hands                    Transmutation                5
Comestibles
 m - 3 rations


   Skills:
 + Level 1.3 Fighting
 + Level 2.3 Dodging
 + Level 3.8 Unarmed Combat
 + Level 2.3 Spellcasting
 * Level 2.5 Transmutations


You couldn't memorise any spells.
You knew the following spells:

 Your Spells              Type           Power        Failure   Level  Hunger
a - Beastly Appendage     Tmut           #.....       9%          1    #......
b - Sticks to Snakes      Tmut           #.......     12%         2    ###....
c - Spider Form           Tmut/Pois      #.........   38%         3    ###....


Dungeon Overview and Level Annotations

Branches:
Dungeon (3/15)

Altars:

Annotations:
D:3 Kejsarherre's ghost, amateur GnWn


Innate Abilities, Weirdness & Mutations

Your plain brown scales are hard. (AC +5)
You cannot fit into any form of body armour.
You are cold-blooded and may be slowed by cold attacks.
You have a pair of horns on your head.


Message History

You barely miss Kejsarherre's ghost. Kejsarherre's ghost hits you.
You barely miss Kejsarherre's ghost.
You feel sick. Kejsarherre's ghost misses you.
Casting: Beastly Appendage
Confirm with . or Enter, or press ? or * to list all spells.
You grow a pair of large bovine horns.
You feel sick.
Kejsarherre's ghost hits you but does no damage.
You barely miss Kejsarherre's ghost.
Your headbutt misses Kejsarherre's ghost.
Kejsarherre's ghost completely misses you.
It was a potion of flight.
You feel very buoyant.
You fly up into the air.
You feel sick.
Kejsarherre's ghost ripples.
Kejsarherre's ghost hits you!
* * * LOW HITPOINT WARNING * * *
It was a potion of resistance.
You feel protected. Kejsarherre's ghost hits you!
You die...

##########
.........#
.........#
.........# ######
....$....##(....#.
......$@.#........
.......W...?......
##.###............
#(.).r.......
##..(<.......
#...........
#...........
#(..>.......
...........#.


You could see Kejsarherre's ghost and a rat.

Vanquished Creatures
  Terence (D:2)
  A ball python (D:1)
  A giant cockroach (D:1)
  5 goblins
  7 hobgoblins
  3 jackals (D:1)
  6 kobolds
  5 bats
  2 frilled lizards (D:1)
  4 rats
35 creatures vanquished.

Vanquished Creatures (collateral kills)
  A goblin (D:2)
1 creature vanquished.

Grand Total: 36 creatures vanquished

Notes
Turn   | Place    | Note
-------+----------+-------------------------------------------
     0 | D:1      | Mrkan the Draconian Transmuter began the quest for the Orb.
     0 | D:1      | Reached XP level 1. HP: 16/16 MP: 3/3
   148 | D:1      | Reached XP level 2. HP: 11/23 MP: 5/5
  1346 | D:1      | Learned a level 2 spell: Sticks to Snakes
  1560 | D:2      | Reached XP level 3. HP: 28/28 MP: 6/6
  1752 | D:2      | Noticed Terence
  1768 | D:2      | Killed Terence
  2154 | D:2      | Learned a level 3 spell: Spider Form
  2542 | D:3      | Noticed Kejsarherre's ghost (amateur GnWn)
  2558 | D:3      | Slain by Kejsarherre's ghost

Skill      XL: |  1  2 |
---------------+-------+-----
Dodging        | 2 |  2.3
Fighting       | |  1.3
Unarmed Combat | |  3.8
Spellcasting   | |  2.3
Transmutations | |  2.5

Action                   || total
-------------------------++-------
Melee: Unarmed           ||   147
       Tailslap          ||    16
       Punch             ||     1
       Kick              ||     6
       Headbutt          ||     3
 Cast: Beastly Appendage ||    10
       Sticks to Snakes  ||     1
  Use: Potion            ||     2
  Eat: Ration            ||     1
       Chunk             ||     1
Armor: Skin              ||    62
Dodge: Dodged            ||   125
